 Dungeon Crawl Stone Soup version 0.29-a0-1027-gcd8c55af63 (webtiles) character file.

Game seed: 3797215250640199936

416 bladeefan the Trooper (level 6, -1/57 HPs)
             Began as a Hill Orc Monk on Aug 12, 2022.
             Was a Believer of Beogh.
             Slain by a white imp (3 damage)
             ... on level 5 of the Dungeon.
             The game lasted 00:07:28 (5691 turns).

bladeefan the Trooper (Hill Orc Monk)               Turns: 5691, Time: 00:07:28

Health: -1/57      AC:  4    Str: 16    XL:     6   Next: 92%
Magic:  5/7        EV: 12    Int: 10    God:    Beogh [**....]
Gold:   196        SH:  0    Dex: 13    Spells: 5/5 levels left

rFire   . . .      SeeInvis .   a - +0 mace (freeze)
rCold   . . .      Faith    .   (no shield)
rNeg    . . .      Spirit   .   b - +0 leather armour
rPois   .          Reflect  .   m - +0 helmet
rElec   .          Harm     .   (no cloak)
rCorr   .          Rampage  .   (no gloves)
Will    .....                   (no boots)
Stlth   ++........              e - amulet of magic regeneration
HPRegen 0.19/turn               (no ring)
MPRegen 0.50/turn               (no ring)

@: no status effects
A: no striking features
a: Renounce Religion, Smiting


You were on level 5 of the Dungeon.
You worshipped Beogh.
Beogh was pleased with you.
You visited 1 branch of the dungeon, and saw 5 of its levels.

You collected 196 gold pieces.

Inventory:

Hand Weapons
 a - a +0 mace of freezing (weapon)
Armour
 b - a +0 leather armour (worn)
   (You found it on level 1 of the Dungeon)
 m - a +0 helmet (worn)
   (You found it on level 2 of the Dungeon)
Jewellery
 e - an amulet of magic regeneration (around neck)
   (You found it on level 3 of the Dungeon)
 o - an amulet of regeneration
   (You found it on level 4 of the Dungeon)
Scrolls
 d - a scroll of butterflies {unknown}
 i - 2 scrolls of noise {!r}
 t - a scroll of vulnerability {!r}
 u - a scroll of enchant weapon {unknown}
Potions
 c - a potion of ambrosia
 f - a potion of curing {@q1}
 g - 3 potions of might {unknown}
 h - 4 potions of mutation {unknown}
 j - 3 potions of magic
 k - a potion of resistance
 l - a potion of brilliance
 n - 3 potions of heal wounds {@q2}
 p - a potion of attraction {!q}
 q - a potion of lignification {unknown}
 s - a potion of degeneration {unknown}


   Skills:
 * Level 6.1 Fighting
 + Level 5.0 Maces & Flails
 + Level 2.4 Armour
 - Level 2.9 Dodging
 - Level 2.1 Stealth
 + Level 2.5 Invocations


You had 5 spell levels left.
You didn't know any spells.
Your spell library was empty.

Dungeon Overview and Level Annotations

Branches:
Dungeon (5/15)
 Temple: D:4-7

Altars:
Ashenzari

Shops:
D:5 [


Message History

The orc wizard hits you with a +0 dagger.
* * * LOW HITPOINT WARNING * * *
You sock the orc wizard! You freeze the orc wizard.
The orc wizard hits you with a +0 dagger.
* * * LOW HITPOINT WARNING * * *
You hit the orc wizard. You freeze the orc wizard.
You kill the orc wizard!
Beogh accepts your kill.
Your Fighting skill increases to level 6!
Your Maces & Flails skill increases to level 5!
An orc priest comes into view. It is wielding a +0 mace of protection.
The orc priest mumbles some strange prayers to Beogh against you.
You barely resist.
The orc priest looks braver for a moment.
The orc priest hits you but does no damage.
You hit the orc priest but do no damage.
The orc priest hits you but does no damage.
The orc priest hits you with a +0 mace of protection.
* * * LOW HITPOINT WARNING * * *
You hit the orc priest. You freeze the orc priest.
The orc priest mumbles some strange prayers to Beogh against you.
Pain shoots through your body!
* * * LOW HITPOINT WARNING * * *
You hit the orc priest but do no damage.
The orc priest hits you but does no damage.
You hit the orc priest but do no damage.
The orc priest hits you with a +0 mace of protection.
* * * LOW HITPOINT WARNING * * *
You barely miss the orc priest.
The white imp shouts, "Run away, thou weedy tardy-gaited pumpion!"
Your punch misses the orc priest. The orc priest barely misses you.
You hit the orc priest. You freeze the orc priest. The orc priest misses you.
Unknown command.
You hit the orc priest but do no damage.
The orc priest hits you with a +0 mace of protection.
* * * LOW HITPOINT WARNING * * *
The orc priest hits you with a +0 mace of protection.
* * * LOW HITPOINT WARNING * * *
You hit the orc priest but do no damage.
The orc priest misses you.
Unknown command.
Smite: an orc priest, wielding a +0 mace of protection and wearing a +0 ring mail (moderately wounded)
You smite the orc priest!
You kill the orc priest!
Beogh accepts your kill.
Beogh appreciates your killing of a heretic priest.
You hit the white imp. The white imp hits you.
* * * LOW HITPOINT WARNING * * *
The white imp freezes you.
You die...

###.. . #
#######.####.
#.5..))......
#@#####.####.
#.# .. #.#
..# #.# ...
#.# .. #.# .
#.# #.# #.#


You could see a white imp.

Vanquished Creatures
  2 scorpions
  2 jellies (D:4)
  2 orc priests (D:5)
  An orc wizard (D:5)
  Robin (D:3)
  4 adders
  An ufetubus (D:4)
  4 worms
  5 dart slugs
  5 orcs (D:5)
  5 endoplasms
  A giant cockroach (D:1)
  8 goblins
  6 hobgoblins
  3 jackals (D:1)
  A quokka (D:1)
  10 ball pythons
  12 bats
  2 frilled lizards
  10 kobolds
  5 rats
90 creatures vanquished.

Vanquished Creatures (others)
  An orc (D:3)
  4 goblins (D:3)
  A hobgoblin (D:3)
6 creatures vanquished.

Grand Total: 96 creatures vanquished

Notes
Turn   | Place    | Note
-------+----------+-------------------------------------------
     0 | D:1      | bladeefan the Hill Orc Monk began the quest for the Orb.
     0 | D:1      | Reached XP level 1. HP: 19/19 MP: 1/1
    86 | D:1      | Reached XP level 2. HP: 24/27 MP: 2/2
   456 | D:1      | Reached XP level 3. HP: 32/33 MP: 3/3
   477 | D:1      | Reached skill level 4 in Fighting
  1207 | D:2      | Reached XP level 4. HP: 40/40 MP: 4/4
  1740 | D:2      | Found a faded altar of an unknown god.
  1742 | D:2      | Noticed a great orb of eyes
  1746 | D:2      | Noticed a shining eye
  1784 | D:2      | Noticed a great orb of eyes
  1786 | D:2      | Noticed a great orb of eyes
  2303 | D:3      | Became a worshipper of Beogh the Brigand
  2303 | D:3      | Reached * piety under Beogh
  2303 | D:3      | Reached ** piety under Beogh
  2308 | D:3      | Found a broken altar of Ashenzari.
  2313 | D:3      | Noticed Robin
  2606 | D:3      | Killed Robin
  2719 | D:3      | Reached XP level 5. HP: 46/47 MP: 5/5
  2825 | D:3      | Reached skill level 1 in Armour
  3761 | D:4      | Reached skill level 5 in Fighting
  4057 | D:4      | Reached skill level 1 in Invocations
  4164 | D:4      | Reached XP level 6. HP: 37/56 MP: 5/7
  5332 | D:5      | Entered Level 5 of the Dungeon
  5351 | D:5      | Found Hijefato's Antique Armour Emporium.
  5633 | D:5      | Noticed a sky beast
  5634 | D:5      | Noticed a water moccasin
  5673 | D:5      | Reached skill level 6 in Fighting
  5673 | D:5      | Reached skill level 5 in Maces & Flails
  5691 | D:5      | HP: 2/57 [white imp (4)]
  5691 | D:5      | Slain by a white imp

Illustrated notes

Levels and vault maps discovered:
D:1:      heliophobic_arrival_battle_scene, layout_basic
D:2:      layout_basic, hellmonk_ecumenical_altar_watching_god
D:3:      layout_loops_corners, ashenzari_conservatory_becter,
          nicolae_underground_beach, uniq_robin
D:4:      layout_layer_cave
D:5:      minmay_octagon_keep, layout_basic, mainiacjoe_overflow_boulevard,
          gammafunk_ghost_nasty_kobolds, serial_shops, shop

Skill      XL: |  1  2  3  4  5  6 |
---------------+-------------------+-----
Stealth        | 2 |  2.1
Fighting       | 4 5 6 |  6.1
Maces & Flails | 4 5 |  5.0
Armour         | 1 2 |  2.4
Invocations    | 1 2 |  2.5
Dodging        | |  2.9

Action                   |  1- 3 |  4- 6 || total
-------------------------+-------+-------++-------
Melee: Mace              |   119 |   170 ||   289
Invok: Smiting           |       |     2 ||     2
       Convert to Beogh  |       |     1 ||     1
  Use: Potion            |     1 |       ||     1
       Scroll            |       |    15 ||    15
 Stab: Sleeping          |       |     5 ||     5
Armor: Robe              |     2 |       ||     2
       Leather armour    |    56 |    53 ||   109
Dodge: Dodged            |   129 |   139 ||   268

Table legend: (Time is in decaauts)
 A = Elapsed time spent in this place.
 B = Non-inter-level travel time spent in this place.
 C = Inter-level travel time spent in this place.
 D = Time resting spent in this place.
 E = Time spent auto-exploring this place.
 F = Levels seen in this place.
 G = Mean time per level.
                   A        B        C        D        E       F      G
               +--------+--------+--------+--------+--------+-----+--------+
         Total |   5748 |   5676 |     72 |    977 |   3819 |   5 | 1149.6 |
       Dungeon |   5748 |   5676 |     72 |    977 |   3819 |   5 | 1149.6 |
               +--------+--------+--------+--------+--------+-----+--------+

Top non-repeatable levels by time:
     D:2: 1693 daAuts
     D:4: 1475 daAuts
     D:3: 1297 daAuts
     D:1: 915 daAuts
     D:5: 366 daAuts
